 Dungeon Crawl Stone Soup version 0.20-a0-835-gd6476b5 (webtiles) character file.

840 AlphabetPasta the Chiller (level 7, -3/36 HPs)
             Began as a Deep Elf Ice Elementalist on Mar 7, 2017.
             Slain by an orc
             ... wielding a +0 club
              (6 damage)
             ... on level 6 of the Dungeon.
             The game lasted 00:20:10 (4914 turns).

AlphabetPasta the Chiller (DEIE)                    Turns: 4914, Time: 00:20:11

Health: -3/36      AC:  5    Str:  5    XL:     7   Next: 67%
Magic:  10/18      EV: 14    Int: 22    God:
Gold:   321        SH:  0    Dex: 15    Spells: 9/19 levels left

rFire    . . .     SeeInvis .   u - +0 rapier (flame)
rCold    . . .     Gourm    .   B - +1 robe {MR+}
rNeg     . . .     Faith    .   (no shield)
rPois    .         Spirit   .   (no helmet)
rElec    .         Reflect  .   (no cloak)
rCorr    .         Harm     .   n - +1 pair of gloves
MR       +....                  (no boots)
Stlth    ++........             (no amulet)
Regen    0.2/turn               (no ring)
MPRegen  0.2/turn               (no ring)

@: no status effects
A: no striking features
a: no special abilities


You were on level 6 of the Dungeon.
You were not hungry.

You visited 1 branch of the dungeon, and saw 6 of its levels.

You collected 321 gold pieces.

Inventory:

Hand Weapons
 g - a +1 club
 u - a +0 rapier of flaming (weapon)
Armour
 a - a +0 robe
 n - a +1 pair of gloves (worn)
 r - a +2 buckler
 B - a +1 robe of magic resistance (worn)
Jewellery
 s - a +4 ring of dexterity {unknown}
 v - an uncursed amulet of the gourmand {unknown}
 A - a cursed amulet of inaccuracy {unknown}
Scrolls
 e - 2 scrolls of enchant weapon
 h - a scroll of recharging
 i - 2 scrolls of teleportation
 m - 2 scrolls of brand weapon
 x - a scroll of enchant armour
 y - a scroll of fog
Potions
 d - 3 potions of agility
 j - a potion of magic {unknown}
 l - 2 potions of heal wounds
 o - a potion of haste {unknown}
 p - 2 potions of flight
 q - a potion of might {unknown}
 t - a potion of berserk rage {unknown}
 w - a potion of curing {unknown}
 z - a potion of invisibility {unknown}
Books
 b - a book of Frost

   Spells                             Type                      Level
   a - Freeze                         Ice                          1
   b - Throw Frost                    Conjuration/Ice              2
   c - Ozocubu's Armour               Charms/Ice                   3
   d - Throw Icicle                   Conjuration/Ice              4
   e - Summon Ice Beast               Ice/Summoning                4
Comestibles
 c - 7 bread rations
 k - 3 meat rations
 D - 3 fruits


   Skills:
 - Level 4.1 Dodging
 - Level 2.4 Stealth
 + Level 1.2 Shields
 + Level 6.5 Spellcasting
 + Level 3.9 Conjurations
 * Level 6.9 Ice Magic


You had 9 spell levels left.
You knew the following spells:

 Your Spells              Type           Power        Failure   Level  Hunger
a - Freeze                Ice            ####         1%          1    None
b - Throw Frost           Conj/Ice       ####..       1%          2    None
c - Ozocubu's Armour      Chrm/Ice       ###.....     8%          3    #......
d - Throw Icicle          Conj/Ice       ####....     12%         4    ###....


Dungeon Overview and Level Annotations

Branches:
Dungeon (6/15)
 Temple: D:4-7

Altars:
Ashenzari
Cheibriados
Elyvilon
Gozag
Hepliaklqana
Kikubaaqudgha
Xom

Annotations:
D:6 Dowan


Message History

There is an open door here.
Dowan breathes, "And she was my only..."
The orc warrior throws a tomahawk.
The tomahawk closely misses you.
You see here a tomahawk.
Which direction?
You close the door.
Something unseen opens the door.
There is an open door here.
Dowan gestures wildly while chanting.
Dowan blinks!
You hear a zap.
You hear a grinding noise.
There is a stone staircase leading up here.
Casting: Freeze
Confirm with . or Enter, or press ? or * to list all spells.
Aiming: Freeze
Press: ? - help, Shift-Dir - straight line, f - orc
Aim: an orc, wielding a club You freeze the orc.
The orc is heavily wounded.
The orc hits you with a club.
You die...

*** ############
***_***#..........#
*,,,,,*#.)........#
**,,,**#..........#
*,,,,,*#..........#
**,,,**#...o......#######*
####+######'#.............*
#........#(..#o...........*
#.......('...#.@..........*
#....>..{#...#............*
#........#...#.>..........*
#........#...#............*
#........#...#............*
#........#...#............*
#..ยง......#..##............******
...#+######..###+###+######*,,,,,
...#,,,,,,,,,,*,,,*,,,,,,,*,,,,,,


You could see an orc wizard and an orc.

Vanquished Creatures
  Duvessa (D:6)
  An ogre (D:5)
  A centaur (D:5)
  2 scorpions (D:5)
  A howler monkey (D:5)
  A crimson imp (D:5)
  A bullfrog zombie (D:5)
  A hound (D:5)
  Terence (D:3)
  Natasha (thrice) (D:3)
  3 worker ants
  6 adders
  3 oozes
  4 worms
  3 dart slugs
  2 leopard geckos
  7 orcs
  3 giant cockroaches
  8 goblins
  8 hobgoblins
  8 jackals
  A ball python (D:1)
  9 bats
  3 frilled lizards
  7 kobolds
  4 rats
92 creatures vanquished.

Notes
Turn   | Place    | Note
-------+----------+-------------------------------------------
     0 | D:1      | AlphabetPasta the Deep Elf Ice Elementalist began the quest for the Orb.
     0 | D:1      | Reached XP level 1. HP: 10/10 MP: 6/6
   403 | D:1      | Reached XP level 2. HP: 15/15 MP: 4/8
   409 | D:1      | Learned a level 2 spell: Throw Frost
   933 | D:1      | Reached XP level 3. HP: 19/19 MP: 6/10
   939 | D:1      | Learned a level 3 spell: Ozocubu's Armour
  1146 | D:2      | Learned a level 3 spell: Ozocubu's Armour
  1540 | D:2      | Reached XP level 4. HP: 23/24 MP: 7/12
  1549 | D:2      | Learned a level 4 spell: Throw Icicle
  1954 | D:2      | Found a white marble altar of Elyvilon.
  2227 | D:3      | Found a snail-covered altar of Cheibriados.
  2236 | D:3      | Found an ancient bone altar of Kikubaaqudgha.
  2524 | D:3      | Noticed Natasha
  2530 | D:3      | Killed Natasha
  2581 | D:3      | Found a hazy altar of Hepliaklqana.
  2678 | D:3      | Found an opulent altar of Gozag.
  2729 | D:3      | Reached XP level 5. HP: 28/28 MP: 10/14
  2744 | D:3      | Noticed Natasha
  2753 | D:3      | Killed Natasha
  2845 | D:3      | Noticed Terence
  2852 | D:3      | Killed Terence
  2852 | D:3      | Reached skill level 1 in Shields
  2852 | D:3      | Reached skill level 5 in Ice Magic
  3034 | D:3      | Noticed Natasha
  3042 | D:3      | Killed Natasha
  3042 | D:3      | Reached skill level 5 in Spellcasting
  3454 | D:4      | Reached XP level 6. HP: 32/32 MP: 3/16
  3860 | D:5      | Entered Level 5 of the Dungeon
  4356 | D:5      | Reached XP level 7. HP: 35/36 MP: 5/18
  4452 | D:5      | Found a shattered altar of Ashenzari.
  4501 | D:5      | Found a shimmering altar of Xom.
  4883 | D:6      | Noticed Dowan
  4884 | D:6      | Noticed Duvessa
  4892 | D:6      | Killed Duvessa
  4914 | D:6      | Slain by an orc

Vault maps used:
D:1:      dpeg_arrival_triangle_fractal
D:2:      lemuel_coloured_pillars_altar, first_bread,
          minmay_misc_feat_secret_circle
D:3:      lemuel_round_altar, old_standard_altar,
          amethyst_overflow_temple_binary, hangedman_decor_opposing,
          uniq_natasha, uniq_terence
D:5:      ashenzari_altar_1, xom_teletrap_fun
D:6:      tso_altar, portal_sewer_entry_b, uniq_duvessa

Skill      XL: |  1  2  3  4  5  6  7 |
---------------+----------------------+-----
Spellcasting   | 4 5 6 |  6.5
Ice Magic      | 4 5 6 |  6.9
Dodging        | 3 4 |  4.1
Shields        | 1 |  1.2
Conjurations   | 2 3 |  3.9
Stealth        | |  2.4

Action                   |  1- 3 |  4- 6 |  7- 9 || total
-------------------------+-------+-------+-------++-------
Melee: Club              |     1 |       |       ||     1
       Rapier            |       |     3 |     7 ||    10
 Cast: Freeze            |    59 |    78 |    13 ||   150
       Throw Frost       |     4 |    25 |    10 ||    39
       Throw Icicle      |       |     2 |     4 ||     6
  Use: Scroll            |     8 |     7 |     2 ||    17
 Stab: Sleeping          |     1 |     2 |     1 ||     4
  Eat: Chunk             |     2 |     6 |     1 ||     9
       Royal jelly       |       |     1 |     1 ||     2
Armor: Robe              |     9 |    10 |     4 ||    23
Dodge: Dodged            |    22 |    33 |    10 ||    65
